 Dungeon Crawl Stone Soup version 0.30-a0-777-ga9a30cbeda (webtiles) character file.

Game seed: 17598896595918184334

145684 cheesebisquit the Earth Mage (level 17, 0/108 HPs)
             Began as a Gargoyle Earth Elementalist on Feb 14, 2023.
             Was the Champion of Vehumet.
             Slain by a salamander
             ... wielding a +0 spear
              (5 damage)
             ... on level 4 of the Snake Pit.
             The game lasted 02:21:05 (40901 turns).

cheesebisquit the Earth Mage (GrEE)                Turns: 40901, Time: 02:21:05

Health: 0/108      AC: 25    Str:  7    XL:     17   Next: 42%
Magic:  11/43      EV: 10    Int: 32    God:    Vehumet [******]
Gold:   2097       SH: 12    Dex:  9    Spells: 12/42 levels left

rFire   + . .      SeeInvis .    h - staff of conjuration
rCold   + . .      Faith    .    F - +2 kite shield {rF+}
rNeg    + + .      Spirit   .    w - +2 robe {rN+}
rPois   ∞          Reflect  .    (no helmet)
rElec   +          Harm     .    u - +2 cloak {rCorr}
rCorr   +          Rampage  .    C - +1 pair of gloves
Will    +....                    R - +2 pair of boots {Fly}
Stlth   ++                       (no amulet)
HPRegen 0.38/turn                g - ring "Sapsaow" {rC+ Str-5 Int+5}
MPRegen 0.28/turn                a - ring of magical power

@: flying
A: sickness immunity, AC +12, big wings, negative energy resistance 1,
electricity resistance, torment resistance 1, petrification resistance, clever
1, shaggy fur 1, inability to drink after injury 1
a: Renounce Religion


You were on level 4 of the Snake Pit.
You worshipped Vehumet.
Vehumet was exalted by your worship.
You visited 5 branches of the dungeon, and saw 27 of its levels.

You collected 3017 gold pieces.
You spent 920 gold pieces at shops.

Inventory:

Hand Weapons
 t - a +3 quarterstaff of chaos
 S - the +5 flail "Pefiuxke" {flame, rC- Int+4 Stlth+}
   (You found it on level 12 of the Dungeon)

   Int:       It affects your intelligence (+4).
   rC:        It makes you vulnerable to cold.
   Stlth:     It makes you more stealthy.
Missiles
 v - 13 atropa-tipped darts
 A - 7 curare-tipped darts
 G - 57 poisoned darts
 H - 2 boomerangs of dispersal
 J - 10 throwing nets
Armour
 j - the +9 chain mail of Panentheism {rElec Will+}
   (You found it on level 1 of the Lair of Beasts)

   rElec:     It insulates you from electricity.
   Will:      It increases your willpower.
 u - a +2 cloak of preservation (worn)
 w - a +2 robe of positive energy (worn)
 C - a +1 pair of gloves (worn)
 F - a +2 kite shield of fire resistance (worn)
 I - an orb of mayhem
 P - a +0 troll leather armour
 R - a +2 pair of boots of flying (worn)
Magical Staves
 h - a staff of conjuration (weapon)
Jewellery
 a - a ring of magical power (right hand)
 b - a +5 ring of evasion
 g - the ring "Sapsaow" (left hand) {rC+ Str-5 Int+5}
   (You acquired it on level 15 of the Dungeon)

   [ring of protection from cold]

   Str:       It affects your strength (-5).
   Int:       It affects your intelligence (+5).
   rC:        It protects you from cold.
 n - a ring of ice
 V - a +5 ring of evasion
 W - a ring of resist corrosion
 X - a ring of see invisible
 Z - a ring of ice
Wands
 k - a wand of polymorph (5)
 s - a wand of light (10)
 y - a wand of flame (68)
 N - a wand of roots (13)
 O - a wand of charming (31)
Scrolls
 d - 3 scrolls of torment
 e - 5 scrolls of identify
 f - 2 scrolls of amnesia
 i - 3 scrolls of poison
 l - 3 scrolls of teleportation
 o - 6 scrolls of immolation
 p - a scroll of brand weapon
 r - 2 scrolls of fear
 x - 3 scrolls of fog
 B - 5 scrolls of vulnerability
 K - 2 scrolls of magic mapping
 M - 2 scrolls of summoning
 Q - 2 scrolls of enchant weapon
Potions
 c - 2 potions of mutation
 m - a potion of curing
 q - a potion of haste
 z - 2 potions of invisibility
 D - 4 potions of might
 E - a potion of berserk rage
 T - 2 potions of lignification
 Y - 2 potions of attraction


   Skills:
 + Level 12.8 Fighting
 + Level 12.2 Staves
 - Level 1.5 Dodging
 - Level 2.1 Stealth
 - Level 10.0 Shields
 + Level 13.1 Spellcasting
 + Level 12.8 Conjurations
 - Level 0.7 Transmutations
 + Level 16.8 Earth Magic
 + Level 9.6 Evocations


You had 12 spell levels left.
You knew the following spells:

 Your Spells              Type           Power      Damage    Failure   Level
a - Sandblast             Erth           100%       2d20      0%          1
b - Orb of Destruction    Conj           50%        9d13      6%          7
c - Lee's Rapid Deconstr  Erth           45%        3d22*     1%          5
d - Fulminant Prism       Conj/Hex       37%        3d17      1%          4
e - Iskenderun's Mystic   Conj/Tloc      75%        2d15      1%          4
s - Iron Shot             Conj/Erth      54%        9d10      1%          6
z - Stone Arrow           Conj/Erth      100%       3d13      1%          3

Your spell library contained the following spells:

 Spells                   Type           Power      Damage    Failure   Level
 Kiss of Death            Conj/Necr      100%       2d13      1%          1
 Magic Dart               Conj           100%       1d8       1%          1
 Passwall                 Tmut/Erth      55%        N/A       1%          2
 Mephitic Cloud           Conj/Pois/Air  64%        N/A       1%          3
 Flame Wave               Conj/Fire      75%        2d17      1%          4
 Petrify                  Tmut/Erth      67%        N/A       1%          4
 Sticky Flame             Conj/Fire      75%        2d9       1%          4
 Poisonous Vapours        Pois/Air       42%        N/A       2%          2
 Arcjolt                  Conj/Air       37%        1d47      2%          5
 Slow                     Hex            84%        N/A       4%          1
 Inner Flame              Hex/Fire       21%        N/A       4%          3
 Kindle Blastsparks       Fire/Tloc/Air  42%        2d13      4%          3
 Call Imp                 Summ           21%        N/A       8%          2
 Ensorcelled Hibernation  Hex/Ice        42%        N/A       8%          2
 Lesser Beckoning         Tloc           42%        N/A       8%          2
 Spider Form              Tmut/Pois      23%        N/A       13%         3
 Confusing Touch          Hex            21%        N/A       14%         3
 Gell's Gravitas          Tloc           21%        N/A       14%         3
 Teleport Other           Tloc           21%        N/A       14%         3
 Vampiric Draining        Necr           21%        2d7       14%         3
 Vhi's Electric Charge    Tloc/Air       42%        N/A       14%         3
 Anguish                  Hex/Necr       10%        N/A       43%         4
 Dispel Undead            Necr           21%        3d11      43%         4
 Metabolic Englaciation   Hex/Ice        10%        N/A       80%         5
 Death Channel            Necr           10%        N/A       100%        6
 Maxwell's Capacitive Co  Air            10%        ∞         100%        8
 Cigotuvi's Dreadful Rot  Necr/Pois/Air  Unusable   N/A       N/A         2
 Statue Form              Tmut/Erth      Unusable   N/A       N/A         6

Dungeon Overview and Level Annotations

Branches:
Dungeon (15/15)            Temple (1/1) D:7            Lair (5/5) D:10
  Swamp (0/4) Lair:2        Snake (4/4) Lair:2        Slime (0/5) Lair:5
    Orc (2/2) D:11            Elf (0/3) Orc:2        Vaults (0/5) D:14
 Depths (0/4) D:15

Altars:
Ashenzari
Cheibriados
Dithmenos
Elyvilon
Fedhas
Gozag
Hepliaklqana
Kikubaaqudgha
Makhleb
Nemelex Xobeh
Okawaru
Qazlal
Ru
Sif Muna
Trog
Uskayaw
Vehumet
Wu Jian
Xom
Yredelemnul
Zin
The Shining One
Jiyva
Lugonu

Shops:
D:12 *   Orc:2 (**:   Snake:3 *

Portals:
Abyss: Lair:5

Annotations:
D:4 3 runed translucent doors, Dittersdorf's ghost, amateur GrFi; Spectrina's ghost, amateur MfRe; kingofthe's ghost, amateur OpCj


Innate Abilities, Weirdness & Mutations

You are immune to sickness and miasma.
Your stone body is resilient. (AC +12)
You are immune to poison.
Your large and strong wings let you fly.
You resist negative energy. (rN+)
You are resistant to electric shocks. (rElec)
You are resistant to unholy torment.
You are immune to petrification.
Your mind is acute. (Int +4, Str/Dex -1)
You are covered in fur. (AC +1)
You occasionally lose the ability to drink potions when taking damage.


Message History

The anaconda bites you but does no damage.
The anaconda constricts you.
You closely miss the anaconda.
The anaconda is almost dead.
The anaconda bites you! The anaconda constricts you.
The salamander hits you but does no damage.
The anaconda bites you. The anaconda constricts you.
The anaconda's grasp on you weakens, but your attempt to escape fails.
You block the anaconda's attack. The anaconda constricts you.
The anaconda barely misses you. The anaconda constricts you.
The salamander hits you from afar with a +0 halberd.
* * * LOW HITPOINT WARNING * * *
You are engulfed in flames.
You resist.
* * * LOW HITPOINT WARNING * * *
You block the salamander mystic's attack.
You escape the anaconda's grasp.
The salamander mystic attacks as you move away!
The salamander mystic hits you but does no damage.
The anaconda attacks as you move away! You block the anaconda's attack. x2
The anaconda closely misses you. You block the anaconda's attack.
The anaconda grabs you.
The anaconda bites you but does no damage.
The anaconda constricts you.
You hit the anaconda but do no damage.
You blast the anaconda!
The anaconda is almost dead.
You block the anaconda's attack. The anaconda constricts you.
The salamander mystic gestures at the salamander while chanting.
The salamander seems to speed up.
You miss the anaconda.
The anaconda is almost dead.
The anaconda barely misses you. The anaconda constricts you.
You block the anaconda's attack. The anaconda constricts you.
You block the salamander's attack. The nagaraja hits you with a +0 flail!
* * * LOW HITPOINT WARNING * * *
The salamander mystic hits you but does no damage.
You escape the anaconda's grasp.
The salamander hits you from afar with a +0 spear!
* * * LOW HITPOINT WARNING * * *
You are engulfed in flames.
You resist.
You die...

......'..##.#####..###
......#####.# ##''#
++##'######.# ##...#
............###....#
.............#####.# #
......###...##...### .#
..##..# #.###.###.# ..##
+###+## #)###.....## ....#
......###..#)...@S.#N...§.
.......##..'.≈≈≈≈NN'NN...§
.......'...'.≈≈§§≈N#.....§
.......'...'.§≈§§§.'...§§§
.......###.#.....§.#....§§
'###''## ####...§.##.....#
..##..# #.###.# ...##
..##..# ##. .## .#.
.<'...# ### ..#


You could see a nagaraja (fast), a naga sharpshooter, a salamander mystic, 2
salamanders and an anaconda (fast).

Vanquished Creatures
  Rupert (Lair:4)
  Frances (D:13)
  3 nagarajas
  Azrael (Snake:3)
  Josephine (Orc:2)
  A rakshasa (D:15)
  A salamander tyrant (Snake:4)
  Fannar (Lair:3)
  Harold (D:10)
  2 ogre magi (D:14)
  6 centaur warriors
  An anaconda (shapeshifter) (Lair:4)
  7 hydras
  5 boulder beetles
  16 anacondas
  2 catoblepae
  5 death yaks
  6 naga warriors
  A tengu warrior (D:15)
  8 two-headed ogres
  5 naga sharpshooters
  4 orc high priests (Orc:2)
  Nergalle (Lair:1)
  4 thrashing horrors (Lair:5)
  6 shock serpents
  9 skeletal warriors
  2 skysharks
  4 salamander mystics
  A glowing orange brain (D:15)
  4 naga ritualists
  A deep elf archer (D:14)
  2 deep elf pyromancers
  2 deep elf zephyrmancers (D:14)
  2 orc sorcerers
  11 ugly things
  A wolf spider (D:15)
  14 mana vipers
  11 salamanders
  A cyclops (D:14)
  7 elephants
  A black mamba (shapeshifter) (Lair:5)
  13 naga magi
  A torpor snail (shapeshifter) (D:15)
  4 guardian serpents
  10 cane toads
  A water nymph (shapeshifter) (D:15)
  29 black mambas
  2 gargoyles (D:13)
  3 smoke demons (Lair:5)
  5 komodo dragons
  4 centaur skeletons (D:14)
  Maggie (D:6)
  A kobold demonologist (D:10)
  A yaktaur (shapeshifter) (D:15)
  5 rime drakes
  An ancient zyme (Lair:5)
  6 trolls
  A polar bear (Lair:2)
  27 blink frogs
  2 hornets (D:10)
  8 slime creatures
  Sigmund (D:4)
  A centaur simulacrum (D:13)
  Eustachio (D:5)
  7 spriggans
  2 wyverns
  6 wraiths
  A shadow (D:12)
  A vampire (D:11)
  43 yaks
  5 fire elementals (Snake:3)
  6 basilisks
  A chaos spawn (Lair:5)
  A steam dragon (D:9)
  Grum (D:11)
  A redback (shapeshifter) (D:14)
  7 vampire mosquitoes (D:12)
  A warg (Orc:2)
  24 nagas
  11 water moccasins
  Duvessa (D:7)
  3 hell hounds (Snake:3)
  A sky beast (D:7)
  2 ice beasts (D:7)
  22 orc warriors
  4 black bears
  6 ogres
  9 wolves
  6 boggarts (D:14)
  12 centaurs
  A phantom (D:6)
  8 kobold brigands
  Blork the orc (D:4)
  12 bullfrogs
  4 gnoll sergeants
  4 scorpions
  10 wights
  Dowan (D:7)
  10 small abominations (Lair:5)
  2 electric eels
  4 howler monkeys
  2 hounds
  36 orc priests
  Crazy Yiuf (D:3)
  3 gnoll boudas
  4 jellies
  2 iguanas
  Natasha (thrice) (D:2)
  30 orc wizards
  13 hell rats (Lair:3)
  21 gnolls
  7 adders
  18 river rats (Lair:3)
  4 shadow imps
  An ufetubus (D:5)
  2 worms (D:2)
  3 dart slugs
  81 orcs
  2 bats
  9 endoplasms
  5 giant cockroaches
  5 goblins
  12 hobgoblins
  18 kobolds
  11 quokkas
  6 ball pythons
  A frilled lizard (D:1)
  14 rats
846 creatures vanquished.

Vanquished Creatures (others)
  A hydra (D:10)
  A manticore (D:10)
  A black bear (shapeshifter) (D:10)
  2 bushes (Lair:3)
  19 fulminant prisms
  45 fungi
  102 plants
  3 withered plants (D:4)
174 creatures vanquished.

Grand Total: 1020 creatures vanquished

Notes
Turn   | Place    | Note
-------+----------+-------------------------------------------
     0 | D:1      | cheesebisquit the Gargoyle Earth Elementalist began the
                  | quest for the Orb.
     0 | D:1      | Reached XP level 1. HP: 10/10 MP: 3/3
   190 | D:1      | Reached XP level 2. HP: 15/15 MP: 1/5
   191 | D:1      | Reached skill level 4 in Earth Magic
   537 | D:1      | Found a faded altar of an unknown god.
   880 | D:1      | Reached XP level 3. HP: 19/19 MP: 4/6
  1407 | D:2      | Noticed Natasha
  1414 | D:2      | Killed Natasha
  1415 | D:2      | Reached XP level 4. HP: 17/24 MP: 4/8
  1504 | D:2      | Reached skill level 5 in Earth Magic
  1508 | D:2      | Learned a level 3 spell: Stone Arrow
  1578 | D:2      | Noticed Natasha
  1582 | D:2      | Killed Natasha
  1771 | D:2      | Noticed Natasha
  1775 | D:2      | Killed Natasha
  1776 | D:2      | Reached XP level 5. HP: 28/28 MP: 7/10
  2464 | D:3      | Found a blossoming altar of Fedhas.
  2470 | D:3      | Reached skill level 6 in Earth Magic
  2470 | D:3      | Reached XP level 6. HP: 28/32 MP: 7/12
  2504 | D:3      | Found a stormy altar of Qazlal.
  2899 | D:3      | Found a runed translucent door.
  2900 | D:3      | Noticed Crazy Yiuf
  3033 | D:3      | Killed Crazy Yiuf
  3127 | D:4      | Found a runed translucent gate.
  3156 | D:4      | Found a runed translucent gate.
  3156 | D:4      | Found a runed translucent gate.
  3173 | D:4      | Reached skill level 1 in Staves
  3315 | D:4      | Noticed Sigmund
  3320 | D:4      | Killed Sigmund
  3321 | D:4      | Reached skill level 5 in Spellcasting
  3321 | D:4      | Reached skill level 7 in Earth Magic
  3321 | D:4      | Reached XP level 7. HP: 36/36 MP: 9/14
  3427 | D:4      | Found a white marble altar of Elyvilon.
  3478 | D:4      | Noticed Blork the orc
  3483 | D:4      | Killed Blork the orc
  3747 | D:4      | Noticed Spectrina's ghost (amateur MfRe)
  3747 | D:4      | Noticed Dittersdorf's ghost (amateur GrFi)
  3748 | D:4      | Noticed kingofthe's ghost (amateur OpCj)
  4055 | D:4      | Found a hazy altar of Hepliaklqana.
  4127 | D:5      | Entered Level 5 of the Dungeon
  4214 | D:5      | Noticed Eustachio
  4224 | D:5      | Reached XP level 8. HP: 35/41 MP: 16/16
  4224 | D:5      | Killed Eustachio
  4225 | D:5      | Reached skill level 8 in Earth Magic
  4750 | D:6      | Noticed Maggie
  4764 | D:6      | HP: 1/41 [orc warrior/+0 long sword (7)]
  5265 | D:6      | Gained mutation: You occasionally lose the ability to drink
                  | potions when taking damage. [potion of mutation]
  5265 | D:6      | Gained mutation: Your mind is acute. (Int +4, Str/Dex -1)
                  | [potion of mutation]
  5265 | D:6      | Gained mutation: You are covered in fur. (AC +1) [potion of
                  | mutation]
  5271 | D:6      | Killed Maggie
  5272 | D:6      | Reached skill level 5 in Staves
  5272 | D:6      | Reached skill level 9 in Earth Magic
  5272 | D:6      | Reached XP level 9. HP: 7/45 MP: 12/18
  5579 | D:6      | Found a sparkling altar of Nemelex Xobeh.
  6035 | D:6      | Found a basalt altar of Yredelemnul.
  6036 | D:6      | Found a shimmering blue altar of Sif Muna.
  6037 | D:6      | Found a glowing golden altar of the Shining One.
  6173 | D:7      | Found a staircase to the Ecumenical Temple.
  6179 | Temple   | Entered the Ecumenical Temple
  6228 | Temple   | Became a worshipper of Vehumet
  6480 | D:7      | Reached skill level 10 in Earth Magic
  6591 | D:7      | Noticed Duvessa
  6599 | D:7      | Killed Duvessa
  6599 | D:7      | Noticed Dowan
  6600 | D:7      | Reached skill level 1 in Fighting
  6600 | D:7      | Reached skill level 1 in Conjurations
  6602 | D:7      | Killed Dowan
  6682 | D:7      | Reached skill level 1 in Shields
  7368 | D:8      | Reached XP level 10. HP: 51/53 MP: 21/21
  7379 | D:8      | Reached * piety under Vehumet
  7379 | D:8      | Offered knowledge of Foxfire by Vehumet.
  7475 | D:8      | Found a burning altar of Makhleb.
  7739 | D:8      | Offered knowledge of Scorch by Vehumet.
  7748 | D:8      | Reached ** piety under Vehumet
 10496 | D:10     | Entered Level 10 of the Dungeon
 10496 | D:10     | Found a staircase to the Lair.
 10794 | D:10     | Reached skill level 11 in Earth Magic
 11021 | D:10     | Offered knowledge of Ignite Poison by Vehumet.
 11047 | D:10     | Reached XP level 11. HP: 21/62 MP: 2/23
 11238 | D:10     | Reached skill level 5 in Fighting
 11348 | D:10     | Reached skill level 5 in Conjurations
 11512 | D:10     | Noticed a deep elf pyromancer
 11512 | D:10     | Noticed a six-headed hydra
 11513 | D:10     | Noticed an ogre mage
 11513 | D:10     | Noticed a cyclops
 11513 | D:10     | Noticed a manticore
 11513 | D:10     | Noticed a centaur warrior
 11520 | D:10     | Noticed Harold
 11659 | D:10     | Reached skill level 5 in Shields
 11659 | D:10     | Noticed a catoblepas
 11666 | D:10     | Killed a catoblepas
 11917 | D:10     | Killed Harold
 11935 | D:10     | Noticed a deep elf pyromancer
 11940 | D:10     | Noticed a glowing orange brain
 11941 | D:10     | Noticed a skeletal warrior
 12039 | D:10     | Noticed a steelbarb worm
 12444 | D:10     | Killed a manticore
 12706 | D:10     | Reached skill level 12 in Earth Magic
 12725 | D:10     | Reached *** piety under Vehumet
 12918 | D:10     | Found a staircase to the Lair.
 12975 | D:11     | Noticed Grum
 13096 | D:11     | Killed Grum
 13408 | D:11     | Found a staircase to the Orcish Mines.
 13413 | D:11     | Offered knowledge of Hailstorm by Vehumet.
 13433 | D:11     | Reached skill level 1 in Evocations
 14042 | D:11     | Reached **** piety under Vehumet
 14048 | D:11     | Reached XP level 12. HP: 71/71 MP: 6/25
 14512 | D:12     | Found Funnoih's CLEARANCE SALE!.
 14516 | D:12     | Identified the +5 flail "Pefiuxke" {flame, rC- Int+4
                  | Stlth+}
 14528 | D:12     | Bought a wand of light (7) for 58 gold pieces
 14528 | D:12     | Bought a scroll of teleportation for 6 gold pieces
 14667 | D:12     | Offered knowledge of Flame Wave by Vehumet.
 15308 | D:12     | Noticed a centaur warrior
 15313 | D:12     | Killed a centaur warrior
 15368 | D:12     | Noticed a boulder beetle
 15373 | D:12     | Killed a boulder beetle
 15811 | D:13     | Noticed a two-headed ogre
 15811 | D:13     | Noticed a five-headed hydra
 15812 | D:13     | Noticed a centaur warrior
 15818 | D:12     | Killed a two-headed ogre
 15970 | D:12     | Killed a five-headed hydra
 16219 | D:13     | Killed a centaur warrior
 16234 | D:13     | Noticed a centaur warrior
 16247 | D:12     | Reached skill level 10 in Spellcasting
 16769 | D:13     | Killed a centaur warrior
 16803 | D:13     | Reached skill level 13 in Earth Magic
 16838 | D:13     | Noticed a boulder beetle
 16987 | D:13     | Killed a boulder beetle
 16988 | D:13     | Reached XP level 13. HP: 53/78 MP: 18/27
 17120 | D:13     | Noticed Frances
 17132 | D:13     | Killed Frances
 18262 | D:13     | Reached ***** piety under Vehumet
 18262 | D:13     | Offered knowledge of Iron Shot by Vehumet.
 18271 | D:13     | Learned a level 6 spell: Iron Shot
 18902 | D:14     | Reached skill level 5 in Evocations
 19196 | D:14     | Found a gate to the Vaults.
 19633 | Lair:1   | Entered Level 1 of the Lair of Beasts
 20720 | Lair:1   | Identified the +9 chain mail of Panentheism {rElec Will+}
 20766 | Lair:1   | Noticed Nergalle
 20770 | Lair:1   | Gained mutation: Your large and strong wings let you fly.
                  | [Gargoyle growth]
 20770 | Lair:1   | Reached XP level 14. HP: 82/86 MP: 21/28
 20775 | Lair:1   | Killed Nergalle
 21199 | Lair:2   | Found a staircase to the Snake Pit.
 21200 | Lair:2   | Found a staircase to the Swamp.
 22185 | Lair:3   | Reached skill level 14 in Earth Magic
 23055 | Lair:3   | Noticed Fannar
 23140 | Lair:3   | Killed Fannar
 23526 | Lair:3   | Identified the +1 plate armour "Teisoiq" {+Inv rElec rC+++
                  | Dex-4}
 24457 | Lair:4   | Noticed Rupert
 24461 | Lair:4   | Killed Rupert
 25559 | Lair:5   | Entered Level 5 of the Lair of Beasts
 25742 | Lair:5   | Reached skill level 10 in Fighting
 25780 | Lair:5   | Learned a level 5 spell: Lee's Rapid Deconstruction
 25785 | Lair:5   | Learned a level 4 spell: Fulminant Prism
 25790 | Lair:5   | Learned a level 4 spell: Iskenderun's Mystic Blast
 26109 | Lair:5   | Offered knowledge of Eringya's Noxious Bog by Vehumet.
 26111 | Lair:5   | Reached skill level 10 in Shields
 26381 | Lair:5   | Reached skill level 10 in Conjurations
 26463 | Lair:5   | Reached ****** piety under Vehumet
 26813 | Lair:5   | Reached XP level 15. HP: 92/92 MP: 25/30
 27588 | Lair:5   | Found a staircase to the Slime Pits.
 27589 | Lair:5   | Found a viscous altar of Jiyva.
 27684 | Lair:5   | Reached skill level 10 in Staves
 28568 | Lair:5   | Found a corrupted altar of Lugonu.
 28568 | Lair:5   | Found a one-way gate to the infinite horrors of the Abyss.
 28860 | Orc:1    | Entered Level 1 of the Orcish Mines
 29358 | Orc:1    | Reached skill level 15 in Earth Magic
 29979 | Orc:2    | Entered Level 2 of the Orcish Mines
 30145 | Orc:2    | Noticed Josephine
 30151 | Orc:2    | Killed Josephine
 30475 | Orc:1    | Offered knowledge of Spellforged Servitor by Vehumet.
 31539 | Orc:2    | Found Kiffurgho's Assorted Antiques.
 31539 | Orc:2    | Found Zuuxtipn's Weapon Shop.
 31563 | Orc:2    | Found Lucom's Book Boutique.
 31563 | Orc:2    | Found Tivvim's Assorted Antiques.
 31574 | Orc:2    | Bought a potion of magic for 280 gold pieces
 31812 | Orc:2    | Found a staircase to the Elven Halls.
 32027 | D:15     | Entered Level 15 of the Dungeon
 32028 | D:15     | Paralysed by an ogre mage for 2 turns
 32708 | D:14     | Found a gate to the Vaults.
 34058 | D:15     | Reached XP level 16. HP: 96/100 MP: 1/32
 34258 | D:15     | Found a staircase to the Depths.
 34350 | D:15     | Identified a scroll of acquirement
 34377 | D:15     | Acquired the ring "Sapsaow" {rC+ Str-5 Int+5}
 34748 | Snake:1  | Entered Level 1 of the Snake Pit
 36959 | Snake:2  | Found the +8 orange crystal plate armour {Archmagi, Int+3
                  | Clar}
 37537 | Snake:3  | Reached skill level 16 in Earth Magic
 37639 | Snake:3  | Offered knowledge of Starburst by Vehumet.
 37895 | Snake:3  | Noticed Azrael
 37915 | Snake:3  | Killed Azrael
 38273 | Snake:3  | Found Ozxec's Assorted Antiques.
 38281 | Snake:3  | Bought a wand of roots (3) for 216 gold pieces
 38281 | Snake:3  | Bought a scroll of identify for 60 gold pieces
 38281 | Snake:3  | Bought a potion of curing for 90 gold pieces
 38281 | Snake:3  | Bought a scroll of fear for 120 gold pieces
 38281 | Snake:3  | Bought a potion of curing for 90 gold pieces
 39021 | Snake:3  | Noticed a nagaraja
 39032 | Snake:3  | Killed a nagaraja
 39274 | Snake:4  | Entered Level 4 of the Snake Pit
 39279 | Snake:4  | Reached XP level 17. HP: 79/108 MP: 33/33
 40123 | Snake:4  | Found an ancient bone altar of Kikubaaqudgha.
 40162 | Snake:4  | Offered knowledge of Orb of Destruction by Vehumet.
 40171 | Snake:4  | Learned a level 7 spell: Orb of Destruction
 40901 | Snake:4  | HP: 5/108 [salamander/+0 spear (11)]
 40901 | Snake:4  | Slain by a salamander

Illustrated notes

Levels and vault maps discovered:
D:1:      dpeg_arrival_shrine, layout_loops_corners,
          shapermc_ecumenical_altar_mp_ritualfount, kennysheep_boxes
D:2:      wander_river, layout_rooms, serial_forest,
          infiniplex_forest_clump_small, infiniplex_forest_straight_2,
          infiniplex_forest_clump_C, infiniplex_forest_lined_2,
          infiniplex_forest_lined_room_, infiniplex_forest_corner_1,
          infiniplex_forest_lined_3, infiniplex_forest_clump_large, uniq_natasha
D:3:      layout_basic, grunt_temple_overflow_forces_of_nature,
          uniq_crazy_yiuf_cottage
D:4:      layout_basic, mainiacjoe_overflow_alcove_4,
          worldfamousw_hep_ancestral_shrine, gammafunk_ghost_cemetery,
          uniq_blork_the_orc, uniq_sigmund
D:5:      layout_rooms, kennysheep_path_1, uniq_eustachio
D:6:      layout_loops_cross, mainiacjoe_overflow_alcove_3, serial_glass,
          glass_columns_a, glass_columns_a, uniq_maggie
D:7:      layout_cave_pods, minmay_temple_entry_grid,
          chequers_serial_rivers_room_a, uniq_duvessa
D:8:      layout_cave_pods, overflow_temple_1_default, hangedman_decor_lopped,
          water_maze_lemuel
D:9:      layout_long_grid
D:10:     kb_forest_paths, layout_irregular_city, lair_entry_dummy,
          minivault_12, uniq_harold
D:11:     layout_basic, hiddenorc2_lemuel, uniq_grum
D:12:     layout_gridville, nicolae_shop_clearance
D:13:     layout_basic, gauntlet_entry_generic, uniq_frances
D:14:     layout_irregular_city, hangedman_vaults_entry_quadrant_bands,
          kennysheep_flooded_box, hangedman_decor_points
D:15:     gammafunk_enter_depths_forms, layout_rooms, dk_noncrumbling_4
Temple:   hellmonk_temple_forest_ring
Lair:1:   layout_gridlike, serial_bayou, serial_bayou_pond_d,
          serial_bayou_lagoon_a, serial_bayou_pond_e, serial_bayou_pond_b,
          serial_bayou_pond_b, lemuel_another_geyser, infiniplex_staircase_pool,
          uniq_nergalle
Lair:2:   layout_chaotic_city, swamp_mist, dummy_snake_entry, grunt_megastairs_4
Lair:3:   lemuel_ratsnest, layout_concentric_octagons,
          nicolae_lair_grazing_beasts [nicolae_sub_lair_graze_edge,
          nicolae_sub_lair_graze_edge, nicolae_sub_lair_graze_edge,
          nicolae_sub_lair_graze_edge], uniq_fannar
Lair:4:   layout_cave_pods, serial_forest, infiniplex_forest_clump_C,
          infiniplex_forest_fountain, infiniplex_forest_straight_4,
          infiniplex_forest_clump_small, infiniplex_forest_lined_3_way,
          infiniplex_forest_split, infiniplex_forest_lined_2, uniq_rupert
Lair:5:   hellmonk_lair_end_abyssal_woods, layout_regular_city,
          nicolae_slime_entry_slimehenge, dreamdust_gnoll_shepherd
Snake:1:  layout_gridlike, grunt_ministairs_5, drop_trap, nicolae_integral_box
Snake:2:  layout_basic, grunt_megastairs_1, lemuel_fruit_tree
Snake:3:  layout_onion_interference, serial_shops, nicolae_shop_crystal,
          nicolae_snake_squiggles, hangedman_snake_sidewinding, uniq_azrael
Snake:4:  grunt_snake_rune_pools, layout_gridlike, basic_altar
Orc:1:    layout_diamond_mine
Orc:2:    st_orc_mages, layout_caves, hellmonk_bongcloud_opening,
          nicolae_orc_jurassic_orc, uniq_josephine

Skill      XL: |  1  2  3  4  5  6  7  8  9 10 11 12 13 14 15 16 17 |
---------------+----------------------------------------------------+-----
Earth Magic    | 4 5 6 7 9 10 11 12 13 14 15 16 | 16.8
Spellcasting   | 3 4 5 6 7 8 9 10 11 12 13 | 13.1
Staves         | 2 3 5 6 7 8 9 10 11 12 | 12.2
Fighting       | 2 4 6 7 9 10 11 12 | 12.8
Conjurations   | 2 4 6 7 9 10 11 12 | 12.8
Shields        | 1 4 6 7 9 10 | 10.0
Evocations     | 1 3 5 6 8 9 |  9.6
Dodging        | |  1.5
Stealth        | |  2.1
Transmutations | |  0.7

Action                     |  1- 3 |  4- 6 |  7- 9 | 10-12 | 13-15 | 16-18 || total
---------------------------+-------+-------+-------+-------+-------+-------++-------
  Melee: Unarmed           |     8 |       |       |       |       |       ||     8
         Quarterstaff      |       |       |     4 |       |       |       ||     4
         Staff             |       |       |       |   139 |   193 |   114 ||   446
         Whip              |       |       |       |       |    53 |       ||    53
   Cast: Sandblast         |    40 |    76 |   160 |    74 |       |       ||   350
         Stone Arrow       |       |       |     4 |   315 |   347 |       ||   666
         Iron Shot         |       |       |       |       |   297 |   210 ||   507
         Fulminant Prism   |       |       |       |       |    15 |     4 ||    19
         Iskenderun's Myst |       |       |       |       |       |     5 ||     5
    Use: Potion            |       |       |     6 |     1 |    16 |     9 ||    32
         Scroll            |       |       |    11 |    10 |    20 |     3 ||    44
 Armour: Robe              |     7 |     6 |    24 |    98 |   215 |    88 ||   438
  Dodge: Dodged            |     7 |    17 |    81 |   196 |   313 |    57 ||   671
  Block: Kite shield       |       |       |     6 |   198 |   351 |   115 ||   670

Table legend: (Time is in decaauts)
 A = Elapsed time spent in this place.
 B = Non-inter-level travel time spent in this place.
 C = Inter-level travel time spent in this place.
 D = Time resting spent in this place.
 E = Time spent auto-exploring this place.
 F = Levels seen in this place.
 G = Mean time per level.
                   A        B        C        D        E       F      G
               +--------+--------+--------+--------+--------+-----+--------+
         Total |  41101 |  39195 |   1906 |   5809 |  28528 |  27 | 1522.3 |
       Dungeon |  22645 |  21316 |   1329 |   3621 |  15007 |  15 | 1509.7 |
        Temple |    179 |    162 |     17 |      0 |    143 |   1 |  179.0 |
          Lair |   9040 |   8678 |    362 |    960 |   6561 |   5 | 1808.0 |
     Snake Pit |   6132 |   6021 |    111 |    541 |   4843 |   4 | 1533.0 |
  Orcish Mines |   3102 |   3016 |     86 |    687 |   1974 |   2 | 1551.0 |
               +--------+--------+--------+--------+--------+-----+--------+

Top non-repeatable levels by time:
    D:14: 3323 daAuts
    D:10: 2632 daAuts
  Lair:5: 2482 daAuts
    D:12: 2406 daAuts
     D:8: 2308 daAuts
  Lair:3: 2225 daAuts
  Lair:4: 1933 daAuts
 Snake:3: 1623 daAuts
   Orc:1: 1600 daAuts
    D:11: 1592 daAuts
 Snake:4: 1508 daAuts
 Snake:1: 1507 daAuts
   Orc:2: 1502 daAuts
 Snake:2: 1492 daAuts
  Lair:1: 1470 daAuts
